Bears vs Wolves

Created - April 28, 2024 at 21:02

Goals
1 2 3 T
Bears 0 1 1 2
Wolves 1 1 3 5
Shots
1 2 3 T
Bears 7 10 7 24
Wolves 14 9 17 40

1st period

1. Wolves , Felix Robert 2 (Fabian Lysell 2, Luke Toporowski 2) at 19:04 (PP)

Penalties :
Arnaud Durandeau (HER) for Hooking (Minor) at 7:37, Brandon Scanlin (HER) for Hooking (Minor) at 9:46, Simon Edvinsson (CHI) for Roughing (Minor) at 14:48, Cole Smith (HER) for Hooking (Minor) at 17:28

2nd period

2. Wolves , Bobby McMann 2 (Gabriel Bourque 1, Samuel Bolduc 2) at 4:30 (PP)
3. Bears , Connor Mackey 1 (Milos Kelemen 1, Arnaud Durandeau 1) at 16:28 (PP)

Penalties :
Calle Sjalin (CHI) for Holding (Minor) at 0:30, Brandon Scanlin (HER) for Hooking (Minor) at 2:49, Tim Gettinger (HER) for Boarding (Minor) at 4:51, Cole Smith (HER) for Roughing (Minor) at 11:35, Luke Toporowski (CHI) for Roughing (Minor) at 15:22, Connor Mackey (HER) for Hooking (Minor) at 19:29

3rd period

4. Wolves , Anton Levtchi 1 (Luke Witkowski 1, Simon Edvinsson 1) at 7:44
5. Wolves , Sam Anas 1 (Ville Petman 2) at 12:44
6. Wolves , Luke Witkowski 1 (Felix Robert 1, Fabian Lysell 3) at 15:16 (PP)
7. Bears , Daniil Miromanov 1 (Arnaud Durandeau 2, Tim Gettinger 1) at 17:04

Penalties :
Milos Kelemen (HER) for Roughing (Minor) at 3:49, Gabriel Bourque (CHI) for Fighting (Major) at 7:10, Connor Mackey (HER) for Fighting (Major) at 7:10, Connor Mackey (HER) for instigated a fight (Game Misconduct) at 7:10, Sam Anas (CHI) for High sticking (Minor) at 7:10, Ville Petman (CHI) for Boarding (Minor) at 7:10, Cole Smith (HER) for Boarding (Minor) at 7:10, Dylan Gambrell (HER) for Roughing (Minor) at 7:10, Samuel Bolduc (CHI) for Hooking (Minor) at 7:10, Simon Ryfors (HER) for Hooking (Minor) at 10:00, Tim Gettinger (HER) for Interference (Minor) at 13:47

Goalie Stats

Collin Delia (HER), 35 saves from 40 shots - (0.875), L, 2-1-0, 60:00 minutes
Yaroslav Askarov (CHI), 22 saves from 24 shots - (0.917), W, 1-1-1, 60:00 minutes

Players Stats for Bears

Player Name              G  A  P  +/- PIM S  H  SB GA TA FO     MP     PP MP  PK MP  
------------------------------------------------------------------------------------
Alex Steeves             0  0  0  -1  0   0  0  0  0  0  0/0    11:09   2:01   0:00 
Andreas Englund          0  0  0   0  0   0  4  2  0  0  0/0    23:16   2:31   7:36 
Arnaud Durandeau         0  2  2   0  2   3  1  0  0  0  2/5    11:01   0:26   0:00 
Ben Hutton               0  0  0  -2  0   2  0  1  0  0  0/0    23:19   2:33   9:04 
Brandon Scanlin          0  0  0   1  4   0  3  0  0  0  0/0    16:17   0:00   1:35 
Cole Smith               0  0  0   0  6   2  5  0  0  0  0/2    18:44   2:37   7:24 
Connor Mackey            1  0  1   0  19  1  0  4  0  0  0/0    16:28   2:33   6:56 
Daniil Gushchin          0  0  0   0  0   1  1  0  0  0  0/0    11:24   0:00   1:38 
Daniil Miromanov         1  0  1  -1  0   1  2  0  0  0  0/0    17:17   0:00   0:33 
Dylan Gambrell           0  0  0   0  2   3  0  2  0  0  25/38  20:38   2:37   9:16 
Jalen Chatfield          0  0  0   0  0   1  2  2  0  0  0/0    23:19   2:31   7:36 
Linus Karlsson           0  0  0   0  0   0  0  0  0  0  6/8    12:20   0:00   2:34 
Milos Kelemen            0  1  1   0  2   1  2  0  0  0  0/1     9:27   0:26   0:00 
Pontus Holmberg          0  0  0   0  0   1  1  0  0  0  5/12   11:14   0:26   0:12 
Simon Ryfors             0  0  0  -1  2   2  0  0  0  0  5/16   17:03   2:01   5:55 
Tim Gettinger            0  1  1   1  4   2  6  0  0  0  1/3    11:46   2:01   0:26 
Vinni Lettieri           0  0  0   0  0   3  1  0  0  0  5/6    17:18   2:37   5:55 
Walker Duehr             0  0  0  -1  0   1  1  0  0  0  0/1     9:08   0:00   0:00 

Players Stats for Wolves

Player Name              G  A  P  +/- PIM S  H  SB GA TA FO     MP     PP MP  PK MP  
------------------------------------------------------------------------------------
Anton Levtchi            1  0  1   0  0   4  4  0  0  0  7/24   24:26   7:56   2:44 
Bobby McMann             1  0  1  -1  0   6  3  0  0  0  3/7    21:30   8:06   1:12 
Brent Gates              0  0  0   0  0   1  0  0  0  0  3/7     6:20   0:00   0:00 
Calle Sjalin             0  0  0  -1  2   2  1  0  0  0  0/0    21:43   7:45   1:39 
Daemon Hunt              0  0  0   0  0   0  1  0  0  0  0/0    14:17   0:52   0:32 
Fabian Lysell            0  2  2   0  0   4  0  0  0  0  1/4    20:22   8:25   0:00 
Felix Robert             1  1  2   1  0   2  3  0  0  0  18/27  22:56   7:42   1:12 
Gabriel Bourque          0  1  1   1  5   2  2  1  0  0  1/1    15:02   1:02   3:10 
Jordan Gross             0  0  0   0  0   0  0  0  0  0  0/0     0:00   0:00   0:00 
Logan Day                0  0  0   0  0   0  1  0  0  0  0/0    15:51   0:00   2:17 
Luke Toporowski          0  1  1   0  2   2  3  0  0  0  0/0    19:38   7:42   0:00 
Luke Witkowski           1  1  2   2  0   4  3  2  0  0  0/0    22:51   8:03   1:45 
Nils Aman                0  0  0  -1  0   0  0  0  0  0  0/0     6:26   0:00   0:00 
Sam Anas                 1  0  1   1  2   3  0  0  0  0  1/2    12:16   0:09   0:00 
Samuel Bolduc            0  1  1  -1  2   1  3  2  0  0  0/0    23:02   8:37   2:47 
Simon Edvinsson          0  1  1   2  2   4  1  2  0  0  0/0    22:13   8:03   1:08 
Tye Kartye               0  0  0   0  0   1  0  0  0  0  0/0     2:09   0:23   0:42 
Ville Petman             0  1  1   1  2   4  2  0  0  0  9/20   21:48   8:35   1:08 

3 Stars

1 - Luke Witkowski (CHI)
2 - Felix Robert (CHI)
3 - Anton Levtchi (CHI)

Power Play

Bears - 1 on 4 Attempt(s) - 25.00%
Wolves - 3 on 11 Attempt(s) - 27.27%

Penalty Kill

Bears - 8 on 11 Attempt(s) - 72.73% - Score 0 goal in Penalty Kill
Wolves - 3 on 4 Attempt(s) - 75.00% - Score 0 goal in Penalty Kill

Team Stat

Bears - Hits : 29 - Faceoff Wins : 49 - Blocked Shots : 11 - Penalty Minutes : 41
Wolves - Hits : 27 - Faceoff Wins : 43 - Blocked Shots : 7 - Penalty Minutes : 17

Official

Referees : Steve Kozari and Carter Sandlak
Linesman : Ben O'Quinn and Trent Knorr

Game Notes

General Fight at 7:10 of 3rd period
Gabriel Bourque and Connor Mackey fight to a draw at 7:10 of 3rd period
Connor Mackey (HER) for instigated a fight (Game Misconduct) at 7:10
Connor Mackey ejected from game at 7:10 of 3rd period

Finance

Level 1 -- Attendance: 1987 (99.35%) -- Ticket Income $69,545
Level 2 -- Attendance: 961 (96.10%) -- Ticket Income $14,415
Total Attendance: 2948 (98.27%)
Total Ticket Income: $83,960
Other Income: $41,140
Total Income: $125,100

Bears

5 vs 5 Forward 
   Center                   Left Wing                Right Wing               Time % Phy DF OF 
 1 Dylan Gambrell           Cole Smith               Vinni Lettieri           25     1   2  2  
 2 Simon Ryfors             Alex Steeves             Walker Duehr             25     1   2  2  
 3 Pontus Holmberg          Arnaud Durandeau         Tim Gettinger            25     1   2  2  
 4 Linus Karlsson           Daniil Gushchin          Milos Kelemen            25     1   2  2  

5 vs 5 Defense 
   Defense                  Defense                                           Time % Phy DF OF 
 1 Jalen Chatfield          Andreas Englund                                   25     1   2  2  
 2 Connor Mackey            Ben Hutton                                        25     1   2  2  
 3 Daniil Miromanov         Brandon Scanlin                                   25     1   2  2  
 4 Jalen Chatfield          Andreas Englund                                   25     1   2  2  

PowerPlay Forward 
   Center                   Left Wing                Right Wing               Time % Phy DF OF 
 1 Dylan Gambrell           Cole Smith               Vinni Lettieri           60     1   2  2  
 2 Simon Ryfors             Alex Steeves             Tim Gettinger            40     1   2  2  

PowerPlay Defense
   Defense                  Defense                                           Time % Phy DF OF 
 1 Jalen Chatfield          Andreas Englund                                   60     1   2  2  
 2 Connor Mackey            Ben Hutton                                        40     1   2  2  

Penalty Kill 4 Players Forward 
   Center                   Wing                     Time % Phy DF OF 
 1 Dylan Gambrell           Cole Smith               60     1   2  2  
 2 Vinni Lettieri           Simon Ryfors             40     1   2  2  

Penalty Kill 4 Players Defense
   Defense                  Defense                  Time % Phy DF OF 
 1 Jalen Chatfield          Andreas Englund          60     1   2  2  
 2 Connor Mackey            Ben Hutton               40     1   2  2  

Penalty Kill - 3 Players Forward 
   Forward                                           Time % Phy DF OF 
 1 Dylan Gambrell                                    60     1   2  2  
 2 Cole Smith                                        40     1   2  2  

Penalty Kill - 3 Players Defense
   Defense                  Defense                  Time % Phy DF OF 
 1 Jalen Chatfield          Andreas Englund          60     1   2  2  
 2 Connor Mackey            Ben Hutton               40     1   2  2  

4 vs 4 Forward 
   Center                   Wing                     Time % Phy DF OF 
 1 Dylan Gambrell           Cole Smith               60     1   2  2  
 2 Vinni Lettieri           Simon Ryfors             40     1   2  2  

4 vs 4 Defense
   Defense                  Defense                  Time % Phy DF OF 
 1 Jalen Chatfield          Andreas Englund          60     1   2  2  
 2 Connor Mackey            Ben Hutton               40     1   2  2  

Last Minutes Offensive
   Center                   Left Wing                Right Wing               Defense                  Defense                  
   Dylan Gambrell           Cole Smith               Vinni Lettieri           Jalen Chatfield          Andreas Englund          

Last Minutes Defensive
   Center                   Left Wing                Right Wing               Defense                  Defense                  
   Dylan Gambrell           Cole Smith               Vinni Lettieri           Jalen Chatfield          Andreas Englund          

Goaltenders
Starting : Collin Delia             
Backup : Arvid Soderblom          

Extra Forwards
Normal : Arnaud Durandeau, Pontus Holmberg, Linus Karlsson - PP : Arnaud Durandeau, Pontus Holmberg - PK : Linus Karlsson
Extra Defensemen
Normal : Daniil Miromanov, Brandon Scanlin, Connor Mackey - PP : Daniil Miromanov - PK : Brandon Scanlin, Connor Mackey
Penalty Shots
Dylan Gambrell, Cole Smith, Vinni Lettieri, Simon Ryfors, Alex Steeves
Custom OT Lines Forwards
Dylan Gambrell, Cole Smith, Vinni Lettieri, Simon Ryfors, Alex Steeves, Tim Gettinger, Arnaud Durandeau, Pontus Holmberg, Linus Karlsson, Walker Duehr
Custom OT Lines Defensemen
Jalen Chatfield, Andreas Englund, Connor Mackey, Ben Hutton, Daniil Miromanov

Scratches
Evan Weinger (Healthy), Justin Richards (Healthy), Vincent Sevigny (Healthy), Maxime Comtois (Healthy), Luka Profaca (Healthy)
Patrick Giles (Healthy), Damien Giroux (Healthy), Luka Burzan (Healthy), Devante Stephens (Healthy), Nikolai Knyzhov (Healthy)
Antonio Stranges (Healthy), Mitchell Chaffee (Healthy), Lucas Carlsson (Healthy), Maxence Guenette (Healthy), Keaton Middleton (Healthy)
Sean Day (Healthy), Austin Strand (Healthy), Bokondji Imama (Healthy), Stelio Mattheos (Healthy), Nathan Burke (Healthy)
Zach Giuttari (Healthy), Dylan Garand (Healthy), Hugo Alnefelt (Healthy), Dylan Ferguson (Healthy)

Wolves

5 vs 5 Forward 
   Center                   Left Wing                Right Wing               Time % Phy DF OF 
 1 Anton Levtchi            Nils Aman                Bobby McMann             25     1   2  2  
 2 Felix Robert             Luke Toporowski          Fabian Lysell            25     1   2  2  
 3 Ville Petman             Gabriel Bourque          Sam Anas                 25     1   2  2  
 4 Brent Gates              Anton Levtchi            Bobby McMann             25     1   2  2  

5 vs 5 Defense 
   Defense                  Defense                                           Time % Phy DF OF 
 1 Samuel Bolduc            Calle Sjalin                                      25     1   2  2  
 2 Simon Edvinsson          Luke Witkowski                                    25     1   2  2  
 3 Daemon Hunt              Logan Day                                         25     1   2  2  
 4 Calle Sjalin             Samuel Bolduc                                     25     1   2  2  

PowerPlay Forward 
   Center                   Left Wing                Right Wing               Time % Phy DF OF 
 1 Anton Levtchi            Ville Petman             Bobby McMann             60     1   2  2  
 2 Felix Robert             Luke Toporowski          Fabian Lysell            40     1   2  2  

PowerPlay Defense
   Defense                  Defense                                           Time % Phy DF OF 
 1 Samuel Bolduc            Calle Sjalin                                      60     1   2  2  
 2 Simon Edvinsson          Luke Witkowski                                    40     1   2  2  

Penalty Kill 4 Players Forward 
   Center                   Wing                     Time % Phy DF OF 
 1 Anton Levtchi            Gabriel Bourque          60     1   2  2  
 2 Bobby McMann             Felix Robert             40     1   2  2  

Penalty Kill 4 Players Defense
   Defense                  Defense                  Time % Phy DF OF 
 1 Samuel Bolduc            Logan Day                60     1   2  2  
 2 Simon Edvinsson          Luke Witkowski           40     1   2  2  

Penalty Kill - 3 Players Forward 
   Forward                                           Time % Phy DF OF 
 1 Bobby McMann                                      60     1   2  2  
 2 Felix Robert                                      40     1   2  2  

Penalty Kill - 3 Players Defense
   Defense                  Defense                  Time % Phy DF OF 
 1 Samuel Bolduc            Calle Sjalin             60     1   2  2  
 2 Simon Edvinsson          Luke Witkowski           40     1   2  2  

4 vs 4 Forward 
   Center                   Wing                     Time % Phy DF OF 
 1 Gabriel Bourque          Anton Levtchi            60     1   2  2  
 2 Bobby McMann             Felix Robert             40     1   2  2  

4 vs 4 Defense
   Defense                  Defense                  Time % Phy DF OF 
 1 Samuel Bolduc            Daemon Hunt              60     1   2  2  
 2 Simon Edvinsson          Luke Witkowski           40     1   2  2  

Last Minutes Offensive
   Center                   Left Wing                Right Wing               Defense                  Defense                  
   Felix Robert             Nils Aman                Bobby McMann             Samuel Bolduc            Simon Edvinsson          

Last Minutes Defensive
   Center                   Left Wing                Right Wing               Defense                  Defense                  
   Felix Robert             Nils Aman                Bobby McMann             Samuel Bolduc            Simon Edvinsson          

Goaltenders
Starting : Yaroslav Askarov         
Backup : Tyler Parks              

Extra Forwards
Normal : Ville Petman, Gabriel Bourque, Anton Levtchi - PP : Ville Petman, Gabriel Bourque - PK : Anton Levtchi
Extra Defensemen
Normal : Daemon Hunt, Logan Day, Calle Sjalin - PP : Daemon Hunt - PK : Logan Day, Calle Sjalin
Penalty Shots
Ville Petman, Nils Aman, Bobby McMann, Felix Robert, Luke Witkowski
Custom OT Lines Forwards
Nils Aman, Sam Anas, Bobby McMann, Felix Robert, Luke Witkowski, Fabian Lysell, Luke Toporowski, Ville Petman, Gabriel Bourque, Anton Levtchi
Custom OT Lines Defensemen
Samuel Bolduc, Logan Day, Simon Edvinsson, Luke Witkowski, Daemon Hunt

Scratches
Brett Gallant (Healthy), Riley Bezeau (Healthy), Tyrell Goulbourne (Healthy), Josh Lopina (Healthy), D.J. Busdeker (Healthy)
Cliff Watson (Healthy), Logan Nijhoff (Healthy), Christopher Merisier-Ortiz (Healthy), Corson Ceulemans (Healthy), Jet Greaves (Healthy)

% Time on Ice - Bears

Lines # - Real PCT - Wanted PCT - Time Play
Normal Forward
1 - 24% - 25% - 8:46
2 - 25% - 25% - 9:08
3 - 26% - 25% - 9:21
4 - 25% - 25% - 9:02
Normal Defense
1 - 17% - 25% - 6:02
2 - 31% - 25% - 11:17
3 - 37% - 25% - 13:25
4 - 15% - 25% - 5:33
PP Forward
1 - 60% - 60% - 3:03
2 - 40% - 40% - 2:01
PP Defense
1 - 50% - 60% - 2:31
2 - 50% - 40% - 2:33
PK Forward
1 - 65% - 60% - 10:45
2 - 36% - 40% - 5:55
PK Defense
1 - 46% - 60% - 7:36
2 - 54% - 40% - 9:04
PK3 Forward
1 - 0% - 60%
2 - 0% - 40%
PK3 Defense
1 - 0% - 60%
2 - 0% - 40%
44 Forward
1 - 100% - 60% - 1:59
2 - 0% - 40% - 0:00
44 Defense
1 - 51% - 60% - 1:01
2 - 49% - 40% - 0:58
Last Minute Offensive  - 0:00
Last Minute Defensive  - 0:00
Total
Forward - 60:00
Defense - 60:00

% Time on Ice - Wolves

Lines # - Real PCT - Wanted PCT - Time Play
Normal Forward
1 - 16% - 25% - 5:52
2 - 33% - 25% - 11:57
3 - 33% - 25% - 12:08
4 - 17% - 25% - 6:20
Normal Defense
1 - 16% - 25% - 5:38
2 - 34% - 25% - 12:11
3 - 34% - 25% - 12:27
4 - 17% - 25% - 6:01
PP Forward
1 - 54% - 60% - 8:58
2 - 46% - 40% - 7:42
PP Defense
1 - 52% - 60% - 8:37
2 - 48% - 40% - 8:03
PK Forward
1 - 76% - 60% - 3:52
2 - 24% - 40% - 1:12
PK Defense
1 - 55% - 60% - 2:47
2 - 45% - 40% - 2:17
PK3 Forward
1 - 0% - 60%
2 - 0% - 40%
PK3 Defense
1 - 0% - 60%
2 - 0% - 40%
44 Forward
1 - 100% - 60% - 1:59
2 - 0% - 40% - 0:00
44 Defense
1 - 56% - 60% - 1:07
2 - 44% - 40% - 0:52
Last Minute Offensive  - 0:00
Last Minute Defensive  - 0:00
Total
Forward - 60:00
Defense - 60:00

Play-by-Play

1st period


0:01 of 1st period - Dylan Gambrell wins face-off versus Anton Levtchi in neutral zone.
0:42 of 1st period - Icing by Calle Sjalin.
0:43 of 1st period - Anton Levtchi wins face-off versus Arnaud Durandeau in Wolves zone.
1:03 of 1st period - Shot by Tim Gettinger.
1:03 of 1st period - Shot Misses the Net.
1:16 of 1st period - Icing by Arnaud Durandeau.
1:17 of 1st period - Tim Gettinger wins face-off versus Ville Petman in Bears zone.
1:23 of 1st period - Daniil Miromanov is hit by Ville Petman and loses puck.
1:44 of 1st period - Shot by Ben Hutton.
1:44 of 1st period - Shot Misses the Net.
1:54 of 1st period - Shot by Milos Kelemen.
1:54 of 1st period - Shot Misses the Net.
1:56 of 1st period - Shot by Ben Hutton.
1:56 of 1st period - Shot Misses the Net.
1:58 of 1st period - Shot by Ben Hutton.
1:58 of 1st period - Shot Misses the Net.
2:38 of 1st period - Daniil Gushchin is hit by Felix Robert and loses puck.
3:15 of 1st period - Shot by Brent Gates.
3:15 of 1st period - Shot Misses the Net.
3:19 of 1st period - Shot by Anton Levtchi.
3:19 of 1st period - Stopped by Collin Delia without a rebound.
3:20 of 1st period - Dylan Gambrell wins face-off versus Anton Levtchi in Bears zone.
3:39 of 1st period - Shot by Cole Smith.
3:39 of 1st period - Shot Misses the Net.
3:41 of 1st period - Shot by Dylan Gambrell.
3:41 of 1st period - Stopped by Yaroslav Askarov without a rebound.
3:42 of 1st period - Pontus Holmberg wins face-off versus Ville Petman in Wolves zone.
5:04 of 1st period - Shot by Daniil Miromanov.
5:04 of 1st period - Shot Blocked by Simon Edvinsson.
5:06 of 1st period - Shot by Daniil Miromanov.
5:06 of 1st period - Shot Misses the Net.
5:08 of 1st period - Shot by Walker Duehr.
5:08 of 1st period - Deflect By Simon Ryfors.
5:08 of 1st period - Stopped by Yaroslav Askarov without a rebound.
5:09 of 1st period - Brent Gates wins face-off versus Dylan Gambrell in Wolves zone.
5:09 of 1st period - Brent Gates is hit by Cole Smith.
5:17 of 1st period - Vinni Lettieri is hit by Anton Levtchi and loses puck.
6:03 of 1st period - Icing by Logan Day.
6:04 of 1st period - Linus Karlsson wins face-off versus Ville Petman in Wolves zone.
6:07 of 1st period - Shot by Linus Karlsson.
6:07 of 1st period - Shot Misses the Net.
6:38 of 1st period - Shot by Daniil Gushchin.
6:38 of 1st period - Stopped by Yaroslav Askarov without a rebound.
6:39 of 1st period - Felix Robert wins face-off versus Simon Ryfors in Wolves zone.
7:03 of 1st period - Shot by Luke Toporowski.
7:03 of 1st period - Shot Misses the Net.
7:05 of 1st period - Shot by Luke Toporowski.
7:05 of 1st period - Shot Misses the Net.
7:10 of 1st period - Shot by Luke Witkowski.
7:10 of 1st period - Stopped by Collin Delia without a rebound.
7:11 of 1st period - Brent Gates wins face-off versus Tim Gettinger in Bears zone.
7:31 of 1st period - Anton Levtchi is hit by Tim Gettinger and loses puck.
7:37 of 1st period - Minor Penalty to Arnaud Durandeau for Hooking.
7:38 of 1st period - Felix Robert wins face-off versus Cole Smith in Bears zone.
7:59 of 1st period - Shot by Felix Robert.
7:59 of 1st period - Shot Blocked by Dylan Gambrell.
8:01 of 1st period - Shot by Fabian Lysell.
8:01 of 1st period - Shot Blocked by Andreas Englund.
8:03 of 1st period - Shot by Simon Edvinsson.
8:03 of 1st period - Stopped by Collin Delia with a rebound.
8:05 of 1st period - Shot by Simon Edvinsson.
8:05 of 1st period - Stopped by Collin Delia with a rebound.
8:07 of 1st period - Shot by Felix Robert.
8:07 of 1st period - Stopped by Collin Delia without a rebound.
8:08 of 1st period - Anton Levtchi wins face-off versus Dylan Gambrell in Bears zone.
8:31 of 1st period - Shot by Anton Levtchi.
8:31 of 1st period - Shot Misses the Net.
8:43 of 1st period - Shot by Bobby McMann.
8:43 of 1st period - Shot Hit the Post.
9:33 of 1st period - Off-side.
9:34 of 1st period - Linus Karlsson wins face-off versus Anton Levtchi in neutral zone.
9:46 of 1st period - Minor Penalty to Brandon Scanlin for Hooking.
9:47 of 1st period - Bobby McMann wins face-off versus Simon Ryfors in Bears zone.
10:01 of 1st period - Icing by Ville Petman.
10:02 of 1st period - Dylan Gambrell wins face-off versus Anton Levtchi in Wolves zone.
10:16 of 1st period - Off-side.
10:17 of 1st period - Dylan Gambrell wins face-off versus Fabian Lysell in neutral zone.
10:17 of 1st period - Dylan Gambrell is hit by Felix Robert.
10:28 of 1st period - Cole Smith is hit by Luke Witkowski and loses puck.
10:33 of 1st period - Shot by Dylan Gambrell.
10:33 of 1st period - Shot Misses the Net.
10:35 of 1st period - Shot by Jalen Chatfield.
10:35 of 1st period - Shot Blocked by Luke Witkowski.
10:53 of 1st period - Luke Witkowski is hit by Vinni Lettieri and loses puck.
11:39 of 1st period - Shot by Anton Levtchi.
11:39 of 1st period - Stopped by Collin Delia without a rebound.
11:40 of 1st period - Vinni Lettieri wins face-off versus Anton Levtchi in Bears zone.
11:53 of 1st period - Icing by Logan Day.
11:54 of 1st period - Ville Petman wins face-off versus Simon Ryfors in Wolves zone.
12:04 of 1st period - Icing by Daniil Miromanov.
12:05 of 1st period - Simon Ryfors wins face-off versus Brent Gates in Bears zone.
12:18 of 1st period - Shot by Walker Duehr.
12:18 of 1st period - Stopped by Yaroslav Askarov with a rebound.
12:32 of 1st period - Shot by Bobby McMann.
12:32 of 1st period - Shot Misses the Net.
12:34 of 1st period - Shot by Calle Sjalin.
12:34 of 1st period - Stopped by Collin Delia without a rebound.
12:35 of 1st period - Felix Robert wins face-off versus Dylan Gambrell in Bears zone.
13:05 of 1st period - Felix Robert is hit by Andreas Englund and loses puck.
13:28 of 1st period - Shot by Gabriel Bourque.
13:28 of 1st period - Stopped by Collin Delia without a rebound.
13:29 of 1st period - Anton Levtchi wins face-off versus Milos Kelemen in Bears zone.
13:32 of 1st period - Shot by Bobby McMann.
13:32 of 1st period - Shot Misses the Net.
13:38 of 1st period - Shot by Bobby McMann.
13:38 of 1st period - Stopped by Collin Delia with a rebound.
13:53 of 1st period - Daniil Gushchin is hit by Samuel Bolduc and loses puck.
14:13 of 1st period - Connor Mackey is hit by Simon Edvinsson and loses puck.
14:35 of 1st period - Shot by Simon Ryfors.
14:35 of 1st period - Shot Blocked by Gabriel Bourque.
14:48 of 1st period - Minor Penalty to Simon Edvinsson for Roughing.
14:49 of 1st period - Anton Levtchi wins face-off versus Dylan Gambrell in Wolves zone.
14:49 of 1st period - Anton Levtchi is hit by Cole Smith.
15:18 of 1st period - Icing by Andreas Englund.
15:19 of 1st period - Dylan Gambrell wins face-off versus Bobby McMann in Bears zone.
15:50 of 1st period - Shot by Ben Hutton.
15:50 of 1st period - Shot Misses the Net.
15:52 of 1st period - Shot by Ben Hutton.
15:52 of 1st period - Stopped by Yaroslav Askarov without a rebound.
15:53 of 1st period - Bobby McMann wins face-off versus Simon Ryfors in Wolves zone.
16:07 of 1st period - Ben Hutton is hit by Gabriel Bourque and loses puck.
16:33 of 1st period - Icing by Ben Hutton.
16:34 of 1st period - Simon Ryfors wins face-off versus Bobby McMann in Bears zone.
16:55 of 1st period - Shot by Linus Karlsson.
16:55 of 1st period - Shot Misses the Net.
16:57 of 1st period - Shot by Brandon Scanlin.
16:57 of 1st period - Shot Misses the Net.
17:03 of 1st period - Shot by Milos Kelemen.
17:03 of 1st period - Shot Blocked by Luke Witkowski.
17:05 of 1st period - Shot by Milos Kelemen.
17:05 of 1st period - Shot Hit the Post.
17:07 of 1st period - Shot by Daniil Gushchin.
17:07 of 1st period - Shot Blocked by Simon Edvinsson.
17:09 of 1st period - Shot by Milos Kelemen.
17:09 of 1st period - Stopped by Yaroslav Askarov with a rebound.
17:11 of 1st period - Shot by Daniil Miromanov.
17:11 of 1st period - Deflect By Daniil Gushchin.
17:11 of 1st period - Shot Misses the Net.
17:28 of 1st period - Minor Penalty to Cole Smith for Hooking.
17:29 of 1st period - Dylan Gambrell wins face-off versus Anton Levtchi in Bears zone.
18:23 of 1st period - Icing by Fabian Lysell.
18:24 of 1st period - Felix Robert wins face-off versus Linus Karlsson in Wolves zone.
18:39 of 1st period - Shot by Simon Edvinsson.
18:39 of 1st period - Stopped by Collin Delia with a rebound.
18:41 of 1st period - Shot by Simon Edvinsson.
18:41 of 1st period - Stopped by Collin Delia without a rebound.
18:42 of 1st period - Anton Levtchi wins face-off versus Vinni Lettieri in Bears zone.
18:42 of 1st period - Samuel Bolduc is hit by Jalen Chatfield and loses puck.
18:47 of 1st period - Shot by Ville Petman.
18:47 of 1st period - Stopped by Collin Delia with a rebound.
18:49 of 1st period - Shot by Ville Petman.
18:49 of 1st period - Stopped by Collin Delia without a rebound.
18:50 of 1st period - Dylan Gambrell wins face-off versus Fabian Lysell in Bears zone.
18:50 of 1st period - Dylan Gambrell is hit by Felix Robert.
19:04 of 1st period - Shot by Felix Robert.
19:04 of 1st period - Goal by Felix Robert - Bears : 0 - Wolves : 1.
19:05 of 1st period - Ville Petman wins face-off versus Pontus Holmberg in neutral zone.
19:05 of 1st period - Logan Day is hit by Tim Gettinger and loses puck.
19:18 of 1st period - Shot by Arnaud Durandeau.
19:18 of 1st period - Shot Misses the Net.
19:30 of 1st period - Shot by Tim Gettinger.
19:30 of 1st period - Stopped by Yaroslav Askarov without a rebound.
19:31 of 1st period - Brent Gates wins face-off versus Simon Ryfors in Wolves zone.
19:42 of 1st period - Shot by Anton Levtchi.
19:42 of 1st period - Shot Misses the Net.
Goals for this period are 0 for Bears vs 1 for Wolves.
Shots for this period are 7 for Bears vs 14 for Wolves.

2nd period


0:01 of 2nd period - Pontus Holmberg wins face-off versus Anton Levtchi in neutral zone.
0:01 of 2nd period - Tim Gettinger is hit by Bobby McMann.
0:03 of 2nd period - Shot by Andreas Englund.
0:03 of 2nd period - Shot Misses the Net.
0:05 of 2nd period - Shot by Jalen Chatfield.
0:05 of 2nd period - Shot Misses the Net.
0:12 of 2nd period - Anton Levtchi is hit by Andreas Englund and loses puck.
0:25 of 2nd period - Tim Gettinger is hit by Samuel Bolduc.
0:30 of 2nd period - Minor Penalty to Calle Sjalin for Holding.
0:31 of 2nd period - Dylan Gambrell wins face-off versus Anton Levtchi in Wolves zone.
0:40 of 2nd period - Shot by Connor Mackey.
0:40 of 2nd period - Shot Misses the Net.
0:46 of 2nd period - Shot by Cole Smith.
0:46 of 2nd period - Stopped by Yaroslav Askarov without a rebound.
0:47 of 2nd period - Gabriel Bourque wins face-off versus Tim Gettinger in Wolves zone.
1:18 of 2nd period - Shot by Alex Steeves.
1:18 of 2nd period - Deflect By Tim Gettinger.
1:18 of 2nd period - Stopped by Yaroslav Askarov without a rebound.
1:19 of 2nd period - Bobby McMann wins face-off versus Dylan Gambrell in Wolves zone.
1:35 of 2nd period - Vinni Lettieri is hit by Luke Witkowski and loses puck.
1:52 of 2nd period - Shot by Vinni Lettieri.
1:52 of 2nd period - Stopped by Yaroslav Askarov without a rebound.
1:53 of 2nd period - Simon Ryfors wins face-off versus Bobby McMann in Wolves zone.
2:04 of 2nd period - Shot by Jalen Chatfield.
2:04 of 2nd period - Stopped by Yaroslav Askarov without a rebound.
2:05 of 2nd period - Simon Ryfors wins face-off versus Bobby McMann in Wolves zone.
2:08 of 2nd period - Shot by Ben Hutton.
2:08 of 2nd period - Stopped by Yaroslav Askarov with a rebound.
2:12 of 2nd period - Shot by Simon Ryfors.
2:12 of 2nd period - Stopped by Yaroslav Askarov without a rebound.
2:13 of 2nd period - Dylan Gambrell wins face-off versus Anton Levtchi in Wolves zone.
2:46 of 2nd period - Shot by Fabian Lysell.
2:46 of 2nd period - Stopped by Collin Delia with a rebound.
2:49 of 2nd period - Minor Penalty to Brandon Scanlin for Hooking.
2:50 of 2nd period - Dylan Gambrell wins face-off versus Anton Levtchi in Bears zone.
2:50 of 2nd period - Dylan Gambrell is hit by Bobby McMann.
4:28 of 2nd period - Shot by Gabriel Bourque.
4:28 of 2nd period - Shot Misses the Net.
4:30 of 2nd period - Shot by Bobby McMann.
4:30 of 2nd period - Goal by Bobby McMann - Bears : 0 - Wolves : 2.
4:31 of 2nd period - Pontus Holmberg wins face-off versus Ville Petman in neutral zone.
4:34 of 2nd period - Shot by Arnaud Durandeau.
4:34 of 2nd period - Stopped by Yaroslav Askarov without a rebound.
4:35 of 2nd period - Pontus Holmberg wins face-off versus Sam Anas in Wolves zone.
4:38 of 2nd period - Shot by Arnaud Durandeau.
4:38 of 2nd period - Stopped by Yaroslav Askarov with a rebound.
4:50 of 2nd period - Ville Petman is hit by Tim Gettinger and loses puck.
4:51 of 2nd period - Minor Penalty to Tim Gettinger for Boarding.
4:52 of 2nd period - Dylan Gambrell wins face-off versus Ville Petman in Bears zone.
4:52 of 2nd period - Dylan Gambrell is hit by Anton Levtchi.
5:18 of 2nd period - Shot by Calle Sjalin.
5:18 of 2nd period - Stopped by Collin Delia without a rebound.
5:19 of 2nd period - Dylan Gambrell wins face-off versus Felix Robert in Bears zone.
5:29 of 2nd period - Icing by Luke Toporowski.
5:30 of 2nd period - Felix Robert wins face-off versus Dylan Gambrell in Wolves zone.
5:56 of 2nd period - Shot by Luke Toporowski.
5:56 of 2nd period - Shot Blocked by Connor Mackey.
5:58 of 2nd period - Shot by Felix Robert.
5:58 of 2nd period - Shot Blocked by Ben Hutton.
6:00 of 2nd period - Shot by Luke Toporowski.
6:00 of 2nd period - Shot Misses the Net.
6:02 of 2nd period - Shot by Fabian Lysell.
6:02 of 2nd period - Shot Misses the Net.
6:04 of 2nd period - Shot by Luke Toporowski.
6:04 of 2nd period - Shot Blocked by Connor Mackey.
6:16 of 2nd period - Shot by Anton Levtchi.
6:16 of 2nd period - Shot Blocked by Connor Mackey.
6:20 of 2nd period - Shot by Samuel Bolduc.
6:20 of 2nd period - Shot Misses the Net.
6:22 of 2nd period - Shot by Samuel Bolduc.
6:22 of 2nd period - Stopped by Collin Delia without a rebound.
6:23 of 2nd period - Vinni Lettieri wins face-off versus Anton Levtchi in Bears zone.
6:23 of 2nd period - Andreas Englund is hit by Anton Levtchi and loses puck.
7:44 of 2nd period - Anton Levtchi is hit by Tim Gettinger and loses puck.
8:30 of 2nd period - Icing by Fabian Lysell.
8:31 of 2nd period - Felix Robert wins face-off versus Walker Duehr in Wolves zone.
8:38 of 2nd period - Ben Hutton is hit by Luke Toporowski and loses puck.
9:18 of 2nd period - Simon Ryfors is hit by Luke Toporowski and loses puck.
9:57 of 2nd period - Shot by Dylan Gambrell.
9:57 of 2nd period - Stopped by Yaroslav Askarov with a rebound.
10:43 of 2nd period - Icing by Luke Witkowski.
10:44 of 2nd period - Pontus Holmberg wins face-off versus Anton Levtchi in Wolves zone.
11:35 of 2nd period - Minor Penalty to Cole Smith for Roughing.
11:36 of 2nd period - Felix Robert wins face-off versus Dylan Gambrell in Bears zone.
11:36 of 2nd period - Felix Robert is hit by Andreas Englund.
11:44 of 2nd period - Shot by Luke Toporowski.
11:44 of 2nd period - Shot Blocked by Jalen Chatfield.
11:46 of 2nd period - Shot by Felix Robert.
11:46 of 2nd period - Shot Misses the Net.
11:48 of 2nd period - Shot by Luke Toporowski.
11:48 of 2nd period - Stopped by Collin Delia with a rebound.
11:50 of 2nd period - Shot by Felix Robert.
11:50 of 2nd period - Deflect By Fabian Lysell.
11:50 of 2nd period - Shot Misses the Net.
11:57 of 2nd period - Luke Toporowski is hit by Andreas Englund and loses puck.
12:04 of 2nd period - Shot by Fabian Lysell.
12:04 of 2nd period - Shot Blocked by Andreas Englund.
13:10 of 2nd period - Simon Edvinsson is hit by Daniil Gushchin and loses puck.
13:25 of 2nd period - Shot by Tye Kartye.
13:25 of 2nd period - Stopped by Collin Delia without a rebound.
13:26 of 2nd period - Felix Robert wins face-off versus Simon Ryfors in Bears zone.
13:39 of 2nd period - Shot by Brent Gates.
13:39 of 2nd period - Stopped by Collin Delia without a rebound.
13:40 of 2nd period - Simon Ryfors wins face-off versus Ville Petman in Bears zone.
13:56 of 2nd period - Sam Anas is hit by Brandon Scanlin and loses puck.
15:07 of 2nd period - Shot by Felix Robert.
15:07 of 2nd period - Shot Misses the Net.
15:22 of 2nd period - Minor Penalty to Luke Toporowski for Roughing.
15:23 of 2nd period - Dylan Gambrell wins face-off versus Anton Levtchi in Wolves zone.
16:12 of 2nd period - Shot by Connor Mackey.
16:12 of 2nd period - Shot Blocked by Samuel Bolduc.
16:14 of 2nd period - Shot by Ben Hutton.
16:14 of 2nd period - Shot Misses the Net.
16:16 of 2nd period - Shot by Connor Mackey.
16:16 of 2nd period - Shot Misses the Net.
16:18 of 2nd period - Shot by Ben Hutton.
16:18 of 2nd period - Deflect By Arnaud Durandeau.
16:18 of 2nd period - Shot Blocked by Samuel Bolduc.
16:20 of 2nd period - Shot by Arnaud Durandeau.
16:20 of 2nd period - Shot Misses the Net.
16:22 of 2nd period - Shot by Milos Kelemen.
16:22 of 2nd period - Shot Misses the Net.
16:24 of 2nd period - Shot by Milos Kelemen.
16:24 of 2nd period - Shot Misses the Net.
16:26 of 2nd period - Shot by Connor Mackey.
16:26 of 2nd period - Shot Misses the Net.
16:28 of 2nd period - Shot by Connor Mackey.
16:28 of 2nd period - Goal by Connor Mackey - Bears : 1 - Wolves : 2.
16:29 of 2nd period - Linus Karlsson wins face-off versus Felix Robert in neutral zone.
17:31 of 2nd period - Arnaud Durandeau is hit by Ville Petman and loses puck.
17:48 of 2nd period - Shot by Tye Kartye.
17:48 of 2nd period - Deflect By Sam Anas.
17:48 of 2nd period - Stopped by Collin Delia without a rebound.
17:49 of 2nd period - Felix Robert wins face-off versus Dylan Gambrell in Bears zone.
17:50 of 2nd period - Shot by Luke Toporowski.
17:50 of 2nd period - Shot Misses the Net.
17:52 of 2nd period - Shot by Luke Toporowski.
17:52 of 2nd period - Stopped by Collin Delia without a rebound.
17:53 of 2nd period - Fabian Lysell wins face-off versus Dylan Gambrell in Bears zone.
17:53 of 2nd period - Fabian Lysell is hit by Brandon Scanlin.
19:15 of 2nd period - Off-side.
19:16 of 2nd period - Anton Levtchi wins face-off versus Pontus Holmberg in neutral zone.
19:29 of 2nd period - Minor Penalty to Connor Mackey for Hooking.
19:30 of 2nd period - Dylan Gambrell wins face-off versus Anton Levtchi in Bears zone.
Goals for this period are 1 for Bears vs 1 for Wolves.
Shots for this period are 10 for Bears vs 9 for Wolves.

3rd period


0:01 of 3rd period - Dylan Gambrell wins face-off versus Anton Levtchi in neutral zone.
0:30 of 3rd period - Shot by Bobby McMann.
0:30 of 3rd period - Stopped by Collin Delia with a rebound.
0:32 of 3rd period - Shot by Bobby McMann.
0:32 of 3rd period - Stopped by Collin Delia without a rebound.
0:33 of 3rd period - Vinni Lettieri wins face-off versus Felix Robert in Bears zone.
0:39 of 3rd period - Icing by Luke Toporowski.
0:40 of 3rd period - Felix Robert wins face-off versus Dylan Gambrell in Wolves zone.
1:14 of 3rd period - Icing by Felix Robert.
1:15 of 3rd period - Dylan Gambrell wins face-off versus Felix Robert in Wolves zone.
1:15 of 3rd period - Dylan Gambrell is hit by Luke Witkowski.
1:54 of 3rd period - Shot by Anton Levtchi.
1:54 of 3rd period - Deflect By Bobby McMann.
1:54 of 3rd period - Stopped by Collin Delia without a rebound.
1:55 of 3rd period - Ville Petman wins face-off versus Pontus Holmberg in Bears zone.
2:08 of 3rd period - Icing by Logan Day.
2:09 of 3rd period - Ville Petman wins face-off versus Dylan Gambrell in Wolves zone.
2:09 of 3rd period - Ville Petman is hit by Cole Smith.
2:28 of 3rd period - Icing by Cole Smith.
2:29 of 3rd period - Dylan Gambrell wins face-off versus Brent Gates in Bears zone.
2:45 of 3rd period - Shot by Bobby McMann.
2:45 of 3rd period - Shot Misses the Net.
3:14 of 3rd period - Daniil Gushchin is hit by Calle Sjalin and loses puck.
3:49 of 3rd period - Minor Penalty to Milos Kelemen for Roughing.
3:50 of 3rd period - Felix Robert wins face-off versus Dylan Gambrell in Bears zone.
3:53 of 3rd period - Shot by Fabian Lysell.
3:53 of 3rd period - Stopped by Collin Delia without a rebound.
3:54 of 3rd period - Dylan Gambrell wins face-off versus Felix Robert in Bears zone.
4:23 of 3rd period - Shot by Luke Toporowski.
4:23 of 3rd period - Deflect By Felix Robert.
4:23 of 3rd period - Shot Blocked by Connor Mackey.
4:44 of 3rd period - Shot by Bobby McMann.
4:44 of 3rd period - Shot Blocked by Dylan Gambrell.
4:46 of 3rd period - Shot by Calle Sjalin.
4:46 of 3rd period - Shot Blocked by Jalen Chatfield.
4:49 of 3rd period - Ville Petman is hit by Jalen Chatfield and loses puck.
4:54 of 3rd period - Shot by Bobby McMann.
4:54 of 3rd period - Stopped by Collin Delia without a rebound.
4:55 of 3rd period - Vinni Lettieri wins face-off versus Ville Petman in Bears zone.
4:55 of 3rd period - Vinni Lettieri is hit by Anton Levtchi.
5:08 of 3rd period - Icing by Luke Witkowski.
5:09 of 3rd period - Vinni Lettieri wins face-off versus Anton Levtchi in Wolves zone.
5:15 of 3rd period - Icing by Anton Levtchi.
5:16 of 3rd period - Dylan Gambrell wins face-off versus Anton Levtchi in Wolves zone.
5:17 of 3rd period - Shot by Cole Smith.
5:17 of 3rd period - Stopped by Yaroslav Askarov with a rebound.
6:20 of 3rd period - Logan Day is hit by Tim Gettinger and loses puck.
6:36 of 3rd period - Off-side.
6:37 of 3rd period - Dylan Gambrell wins face-off versus Ville Petman in neutral zone.
6:49 of 3rd period - Off-side.
6:50 of 3rd period - Ville Petman wins face-off versus Simon Ryfors in neutral zone.
7:05 of 3rd period - Icing by Samuel Bolduc.
7:06 of 3rd period - Dylan Gambrell wins face-off versus Ville Petman in Wolves zone.
7:10 of 3rd period - Gabriel Bourque and Connor Mackey fight to a draw.
7:10 of 3rd period - Penalty to Gabriel Bourque for Fighting.
7:10 of 3rd period - Penalty to Connor Mackey for Fighting.
7:10 of 3rd period - Penalty to Connor Mackey for instigated a fight.
7:10 of 3rd period - Connor Mackey is ejected from game.
7:10 of 3rd period - Minor Penalty to Sam Anas for High sticking.
7:10 of 3rd period - Minor Penalty to Ville Petman for Boarding.
7:10 of 3rd period - Minor Penalty to Cole Smith for Boarding.
7:10 of 3rd period - Minor Penalty to Dylan Gambrell for Roughing.
7:10 of 3rd period - Minor Penalty to Samuel Bolduc for Hooking.
7:11 of 3rd period - Arnaud Durandeau wins face-off versus Felix Robert in Wolves zone.
7:14 of 3rd period - Shot by Pontus Holmberg.
7:14 of 3rd period - Stopped by Yaroslav Askarov without a rebound.
7:15 of 3rd period - Felix Robert wins face-off versus Pontus Holmberg in Wolves zone.
7:30 of 3rd period - Shot by Anton Levtchi.
7:30 of 3rd period - Stopped by Collin Delia without a rebound.
7:31 of 3rd period - Felix Robert wins face-off versus Arnaud Durandeau in Bears zone.
7:44 of 3rd period - Shot by Anton Levtchi.
7:44 of 3rd period - Goal by Anton Levtchi - Bears : 1 - Wolves : 3.
7:45 of 3rd period - Arnaud Durandeau wins face-off versus Felix Robert in neutral zone.
7:50 of 3rd period - Shot by Arnaud Durandeau.
7:50 of 3rd period - Stopped by Yaroslav Askarov without a rebound.
7:51 of 3rd period - Felix Robert wins face-off versus Arnaud Durandeau in Wolves zone.
7:51 of 3rd period - Felix Robert is hit by Arnaud Durandeau.
9:08 of 3rd period - Tye Kartye is hit by Daniil Miromanov and loses puck.
9:13 of 3rd period - Shot by Ville Petman.
9:13 of 3rd period - Stopped by Collin Delia without a rebound.
9:14 of 3rd period - Dylan Gambrell wins face-off versus Ville Petman in Bears zone.
9:31 of 3rd period - Shot by Vinni Lettieri.
9:31 of 3rd period - Stopped by Yaroslav Askarov without a rebound.
9:32 of 3rd period - Felix Robert wins face-off versus Simon Ryfors in Wolves zone.
9:34 of 3rd period - Samuel Bolduc is hit by Walker Duehr and loses puck.
10:00 of 3rd period - Minor Penalty to Simon Ryfors for Hooking.
10:01 of 3rd period - Ville Petman wins face-off versus Dylan Gambrell in Bears zone.
10:29 of 3rd period - Ville Petman is hit by Cole Smith and loses puck.
10:47 of 3rd period - Off-side.
10:48 of 3rd period - Felix Robert wins face-off versus Linus Karlsson in neutral zone.
10:48 of 3rd period - Daemon Hunt is hit by Milos Kelemen and loses puck.
12:15 of 3rd period - Samuel Bolduc is hit by Cole Smith and loses puck.
12:40 of 3rd period - Shot by Gabriel Bourque.
12:40 of 3rd period - Stopped by Collin Delia without a rebound.
12:41 of 3rd period - Ville Petman wins face-off versus Simon Ryfors in Bears zone.
12:44 of 3rd period - Shot by Sam Anas.
12:44 of 3rd period - Goal by Sam Anas - Bears : 1 - Wolves : 4.
12:45 of 3rd period - Ville Petman wins face-off versus Simon Ryfors in neutral zone.
13:10 of 3rd period - Shot by Sam Anas.
13:10 of 3rd period - Stopped by Collin Delia without a rebound.
13:11 of 3rd period - Dylan Gambrell wins face-off versus Brent Gates in Bears zone.
13:11 of 3rd period - Dylan Gambrell is hit by Bobby McMann.
13:18 of 3rd period - Dylan Gambrell is hit by Samuel Bolduc and loses puck.
13:23 of 3rd period - Shot by Dylan Gambrell.
13:23 of 3rd period - Stopped by Yaroslav Askarov without a rebound.
13:24 of 3rd period - Sam Anas wins face-off versus Pontus Holmberg in Wolves zone.
13:24 of 3rd period - Sam Anas is hit by Tim Gettinger.
13:47 of 3rd period - Minor Penalty to Tim Gettinger for Interference.
13:48 of 3rd period - Felix Robert wins face-off versus Cole Smith in Bears zone.
13:59 of 3rd period - Dylan Gambrell is hit by Luke Toporowski and loses puck.
14:15 of 3rd period - Felix Robert is hit by Brandon Scanlin.
14:19 of 3rd period - Shot by Fabian Lysell.
14:19 of 3rd period - Shot Misses the Net.
14:21 of 3rd period - Shot by Luke Witkowski.
14:21 of 3rd period - Stopped by Collin Delia with a rebound.
14:23 of 3rd period - Shot by Fabian Lysell.
14:23 of 3rd period - Stopped by Collin Delia with a rebound.
14:25 of 3rd period - Shot by Luke Witkowski.
14:25 of 3rd period - Stopped by Collin Delia with a rebound.
15:16 of 3rd period - Shot by Luke Witkowski.
15:16 of 3rd period - Goal by Luke Witkowski - Bears : 1 - Wolves : 5.
15:17 of 3rd period - Linus Karlsson wins face-off versus Ville Petman in neutral zone.
15:19 of 3rd period - Daniil Miromanov is hit by Logan Day and loses puck.
15:28 of 3rd period - Shot by Ville Petman.
15:28 of 3rd period - Stopped by Collin Delia without a rebound.
15:29 of 3rd period - Anton Levtchi wins face-off versus Pontus Holmberg in Bears zone.
15:35 of 3rd period - Icing by Daniil Miromanov.
15:36 of 3rd period - Felix Robert wins face-off versus Pontus Holmberg in Bears zone.
15:37 of 3rd period - Shot by Fabian Lysell.
15:37 of 3rd period - Stopped by Collin Delia without a rebound.
15:38 of 3rd period - Linus Karlsson wins face-off versus Fabian Lysell in Bears zone.
15:58 of 3rd period - Icing by Fabian Lysell.
15:59 of 3rd period - Dylan Gambrell wins face-off versus Felix Robert in Wolves zone.
17:02 of 3rd period - Shot by Arnaud Durandeau.
17:02 of 3rd period - Shot Misses the Net.
17:04 of 3rd period - Shot by Daniil Miromanov.
17:04 of 3rd period - Goal by Daniil Miromanov - Bears : 2 - Wolves : 5.
17:05 of 3rd period - Ville Petman wins face-off versus Simon Ryfors in neutral zone.
17:10 of 3rd period - Walker Duehr is hit by Gabriel Bourque and loses puck.
17:16 of 3rd period - Ville Petman is hit by Daniil Miromanov and loses puck.
17:21 of 3rd period - Shot by Gabriel Bourque.
17:21 of 3rd period - Shot Misses the Net.
17:56 of 3rd period - Icing by Simon Edvinsson.
17:57 of 3rd period - Dylan Gambrell wins face-off versus Felix Robert in Wolves zone.
18:17 of 3rd period - Shot by Vinni Lettieri.
18:17 of 3rd period - Stopped by Yaroslav Askarov without a rebound.
18:18 of 3rd period - Linus Karlsson wins face-off versus Brent Gates in Wolves zone.
18:39 of 3rd period - Samuel Bolduc is hit by Milos Kelemen and loses puck.
19:19 of 3rd period - Tim Gettinger is hit by Daemon Hunt.
19:33 of 3rd period - Logan Day is hit by Pontus Holmberg and loses puck.
Goals for this period are 1 for Bears vs 3 for Wolves.
Shots for this period are 7 for Bears vs 17 for Wolves.